 Dungeon Crawl Stone Soup version 0.20-a0-1089-g3fde505 (webtiles) character file.

1671 Chaoticas the Destroyer (level 8, -1/57 HPs)
             Began as a Grey Draconian Conjurer on May 3, 2017.
             Was a Follower of Qazlal.
             Slain by a killer bee (6 damage)
             ... on level 7 of the Dungeon.
             The game lasted 00:27:55 (9539 turns).

Chaoticas the Destroyer (Grey Draconian Conjurer)   Turns: 9539, Time: 00:27:55

Health: -1/57      AC: 14    Str: 11    XL:     8   Next: 70%
Magic:  16/16      EV: 17    Int: 18    God:    Qazlal [*.....]
Gold:   318        SH:  1    Dex: 16    Spells: 10/17 levels left

rFire    . . .     SeeInvis .   l - +0 whip
rCold    . . .     Gourm    .   (no shield)
rNeg     . . .     Faith    .   (armour unavailable)
rPois    .         Spirit   .   (helmet restricted)
rElec    .         Reflect  .   (no cloak)
rCorr    .         Harm     .   a - +1 pair of gloves
MR       .....                  j - +0 pair of boots
Stlth    +++.......             o - amulet of regeneration
Regen    0.6/turn               (no ring)
MPRegen  0.2/turn               (no ring)

@: agile
A: walk through water, unfitting armour, unbreathing, cold-blooded, AC +11
a: Renounce Religion


You were on level 7 of the Dungeon.
You worshipped Qazlal.
Qazlal was aware of your devotion.
You were not hungry.

You visited 2 branches of the dungeon, and saw 8 of its levels.

You collected 318 gold pieces.

Inventory:

Hand Weapons
 l - a +0 whip (weapon)
   (You took it off a hobgoblin on level 1 of the Dungeon)
 m - a +0 blowgun
   (You took it off a kobold on level 3 of the Dungeon)
 p - a +1 hand axe of flaming
   (You took it off an orc on level 4 of the Dungeon)
 w - the +3 hand axe "Rergholuma" {speed, -Tele +Inv Dex+4}
   (You found it on level 6 of the Dungeon)

   Attacks with this weapon are significantly faster.
   It affects your dexterity (+4).
   It lets you turn invisible.
   It prevents most forms of teleportation.
Missiles
 d - 173 arrows
 n - 27 poisoned needles
Armour
 a - a +1 pair of gloves (worn)
   (You found it on level 1 of the Dungeon)
 j - a +0 pair of boots (worn)
   (You found it on level 1 of the Dungeon)
Jewellery
 o - an amulet of regeneration (around neck)
   (You found it on level 4 of the Dungeon)
Wands
 k - a wand of iceblast (3/15)
   (You found it on level 4 of the Dungeon)
 s - a wand of paralysis (4/24)
   (You found it on level 5 of the Dungeon)
 x - a wand of acid (6/15)
   (You found it on level 6 of the Dungeon)
Scrolls
 q - 4 scrolls of remove curse
 r - 6 scrolls of identify
 t - a scroll of brand weapon {unknown}
 y - 2 scrolls of recharging
 B - a scroll of fear {unknown}
 C - a scroll of noise {unknown}
Potions
 c - 3 potions of haste
 e - a potion of mutation {unknown}
 f - a potion of magic {unknown}
 g - a potion of agility
 h - 2 potions of curing
 i - a potion of resistance {unknown}
 u - a potion of flight {unknown}
 z - a potion of lignification {unknown}
Books
 A - a book of Conjurations

   Spells                             Type                      Level
   a - Magic Dart                     Conjuration                  1
   b - Searing Ray                    Conjuration                  2
   c - Dazzling Spray                 Conjuration/Hexes            3
   d - Fulminant Prism                Conjuration/Hexes            4
   e - Force Lance                    Conjuration/Translocation    4
   f - Iskenderun's Mystic Blast      Conjuration                  4
 Z - a book of Necromancy
   (You found it on level 6 of the Dungeon)

   Spells                             Type                      Level
   a - Pain                           Necromancy                   1
   b - Animate Skeleton               Necromancy                   1
   c - Vampiric Draining              Necromancy                   3
   d - Regeneration                   Charms/Necromancy            3
   e - Animate Dead                   Necromancy                   4
   f - Control Undead                 Necromancy                   4
Comestibles
 b - 6 bread rations
 v - a royal jelly
 D - a meat ration


   Skills:
 - Level 1.7 Dodging
 - Level 1.7 Stealth
 + Level 5.4 Spellcasting
 * Level 8.2 Conjurations
 * Level 5.8 Hexes


You had 10 spell levels left.
You knew the following spells:

 Your Spells              Type           Power        Failure   Level  Hunger
a - Magic Dart            Conj           ####         1%          1    None
b - Searing Ray           Conj           ####..       1%          2    #......
c - Fulminant Prism       Conj/Hex       ####......   7%          4    ####...


Dungeon Overview and Level Annotations

Branches:
Dungeon (7/15)             Temple (1/1) D:5

Altars:
Ashenzari
Cheibriados
Dithmenos
Elyvilon
Fedhas
Gozag
Hepliaklqana
Kikubaaqudgha
Nemelex Xobeh
Okawaru
Qazlal
Ru
Uskayaw
Wu Jian
Xom
Yredelemnul
Zin
The Shining One

Annotations:
D:3 Misericorde's ghost, amateur DsFE


Innate Abilities, Weirdness & Mutations

You can walk through water.
Your dull iron-grey scales are very hard. (AC +11)
You cannot fit into any form of body armour.
You can survive without breathing.
You are cold-blooded and may be slowed by cold attacks.


Message History

The killer bee is lightly wounded.
You feel sick. The killer bee stings you.
* * * LOW HITPOINT WARNING * * *
The killer bee stings you but does no damage.
You feel sick.
You feel sick. The killer bee stings you!
* * * LOW HITPOINT WARNING * * *
You feel sick. The killer bee closely misses you.
You feel better.
The killer bee stings you but does no damage.
The killer bee stings you.
* * * LOW HITPOINT WARNING * * *
You are poisoned.
The killer bee poisons you!
You feel agile all of a sudden.
You feel sick. The killer bee barely misses you.
The killer bee completely misses you.
You feel sick. The killer bee misses you.
You feel sick. The killer bee closely misses you.
The killer bee barely misses you.
You feel sick. The killer bee closely misses you.
You feel sick.
The killer bee stings you but does no damage.
The killer bee misses you.
You feel sick. The killer bee stings you.
* * * LOW HITPOINT WARNING * * *
You are more poisoned.
The killer bee poisons you!
You feel sick.
The killer bee stings you but does no damage.
You feel sick. The killer bee closely misses you. x2
You feel sick. The killer bee stings you.
* * * LOW HITPOINT WARNING * * *
You are more poisoned.
The killer bee poisons you! The killer bee completely misses you.
You feel sick.
You feel sick.
The killer bee completely misses you. x2
You feel sick.
You feel sick. The killer bee closely misses you.
You feel sick. The killer bee stings you.
* * * LOW HITPOINT WARNING * * *
You feel sick. The killer bee barely misses you.
You feel sick. The killer bee closely misses you.
The killer bee stings you but does no damage.
You feel sick. The killer bee misses you.
You feel better. The killer bee misses you. The killer bee stings you.
* * * LOW HITPOINT WARNING * * *
The killer bee closely misses you. The killer bee stings you.
You die...

#y##+######
#.#.......#
#.#.......#
#.#.......#
#.#.......#
#.'.......###########
##'.......'.†...y...#
..........#########.#
.......#####.yyy@.#.#
.......# #.####.#.#
.......# #.#.<#.#y#
.......# #y#....#.#
.......# #.######.#
.......# #...y....#
.....>.# ##########
.......# .......#


You could see 3 killer bees.

Vanquished Creatures
  An ice beast (D:5)
  An orc warrior (D:6)
  A phantom (D:5)
  3 ogres
  2 centaurs
  A bullfrog (D:4)
  A killer bee (D:7)
  A crimson imp (D:7)
  A quasit (D:4)
  2 hounds
  6 orc priests
  A centaur skeleton (D:6)
  2 jellies (D:6)
  3 orc wizards
  A bullfrog skeleton (D:6)
  3 iguanas (D:4)
  2 worker ants (D:4)
  10 adders
  3 river rats (D:6)
  9 worms
  2 leopard geckos
  18 orcs
  9 bats
  5 giant cockroaches
  10 goblins
  17 hobgoblins
  13 jackals
  10 kobolds
  4 quokkas
  3 ball pythons
  3 frilled lizards
  A jackal skeleton (D:5)
  A leopard gecko skeleton (D:6)
  A leopard gecko zombie (D:6)
  4 rats
155 creatures vanquished.

Notes
Turn   | Place    | Note
-------+----------+-------------------------------------------
     0 | D:1      | Chaoticas the Draconian Conjurer began the quest for the Orb.
     0 | D:1      | Reached XP level 1. HP: 14/14 MP: 3/3
   114 | D:1      | You fall through a shaft!
   413 | D:1      | Reached XP level 2. HP: 20/20 MP: 1/5
   486 | D:1      | Learned a level 2 spell: Searing Ray
   540 | D:1      | HP: 10/20 [kobold/short sword (3)]
  1239 | D:1      | Reached XP level 3. HP: 23/26 MP: 1/7
  1863 | D:2      | Found a faded altar of an unknown god.
  1896 | D:2      | Reached skill level 3 in Spellcasting
  2137 | D:2      | Reached XP level 4. HP: 33/33 MP: 4/8
  2252 | D:2      | Found a snail-covered altar of Cheibriados.
  2252 | D:2      | Found a shimmering altar of Xom.
  2261 | D:2      | Found a hazy altar of Hepliaklqana.
  2779 | D:2      | Learned a level 4 spell: Fulminant Prism
  2801 | D:3      | Reached skill level 5 in Conjurations
  2801 | D:3      | Reached skill level 1 in Hexes
  2822 | D:3      | Reached XP level 5. HP: 25/38 MP: 0/10
  2926 | D:3      | Noticed Misericorde's ghost (amateur DsFE)
  2927 | D:3      | Misericorde's ghost turns its malevolent gaze towards you.
  2933 | D:3      | HP: 11/38 [Misericorde's ghost/flame tongue (9)]
  3422 | D:3      | Misericorde's ghost turns its malevolent gaze towards you.
  3432 | D:3      | HP: 19/38 [Misericorde's ghost/flame tongue (6)]
  3437 | D:3      | HP: 12/38 [Misericorde's ghost/flame tongue (8)]
  4679 | D:4      | Reached skill level 2 in Hexes
  4737 | D:4      | Reached XP level 6. HP: 32/45 MP: 4/11
  4907 | D:4      | HP: 22/45 [centaur (6)]
  4917 | D:4      | HP: 22/45 [orc (1)]
  4931 | D:4      | HP: 17/45 [centaur (2)]
  4935 | D:4      | HP: 4/45 [centaur (6)]
  4936 | D:4      | Reached skill level 4 in Spellcasting
  5300 | D:4      | HP: 20/45 [orc priest/divine providence (9)]
  5301 | D:4      | Reached skill level 6 in Conjurations
  5301 | D:4      | Reached skill level 3 in Hexes
  5725 | D:4      | Your scales start taking on a dull iron-grey colour.
  5725 | D:4      | Reached XP level 7. HP: 50/50 MP: 5/13
  5725 | D:4      | Gained mutation: You can survive without breathing. [Grey Draconian growth]
  6325 | D:5      | Entered Level 5 of the Dungeon
  6444 | D:5      | Reached skill level 4 in Hexes
  6574 | D:5      | HP: 24/50 [ice beast (5)]
  6577 | D:5      | HP: 9/50 [ice beast (13)]
  6847 | D:5      | Found a staircase to the Ecumenical Temple.
  6861 | Temple   | Entered the Ecumenical Temple
  6961 | Temple   | Became a worshipper of Qazlal Stormbringer
  7042 | D:5      | HP: 23/50 [ice beast (13)]
  7043 | D:5      | Reached skill level 7 in Conjurations
  7287 | D:5      | Found a shattered altar of Ashenzari.
  7299 | D:5      | Reached XP level 8. HP: 57/57 MP: 4/15
  7776 | D:6      | Got a steaming hand axe
  7777 | D:6      | Identified the +3 hand axe "Rergholuma" {speed, -Tele +Inv Dex+4} (You found it on level 6 of the Dungeon)
  7865 | D:6      | HP: 17/57 [orc warrior/halberd (26)]
  7869 | D:6      | HP: 7/57 [orc warrior/halberd (6)]
  7959 | D:6      | HP: 12/57 [orc warrior/halberd (18)]
  8284 | D:6      | Reached skill level 5 in Spellcasting
  8284 | D:6      | Reached skill level 5 in Hexes
  9030 | D:6      | Identified a book of Necromancy
  9040 | D:6      | Reached * piety under Qazlal
  9094 | D:6      | Reached skill level 8 in Conjurations
  9220 | D:6      | Found an ancient bone altar of Kikubaaqudgha.
  9222 | D:6      | Found a blossoming altar of Fedhas.
  9508 | D:7      | HP: 28/57 [killer bee (3)]
  9513 | D:7      | HP: 18/57 [poisoned by a killer bee]
  9518 | D:7      | HP: 14/57 [poisoned by a killer bee]
  9524 | D:7      | HP: 13/57 [poisoned by a killer bee]
  9529 | D:7      | HP: 9/57 [poisoned by a killer bee]
  9534 | D:7      | HP: 4/57 [poisoned by a killer bee]
  9539 | D:7      | Slain by a killer bee

Vault maps used:
D:1:      scummos_arrival_gate, kennysheep_nondescript, minmay_crystal_room,
          minmay_pentomino_z4
D:2:      gammafunk_temple_overflow_forgotten, chequers_ecumenical_altar_simple
D:3:      minmay_misc_feat_nine_boxes, serial_park_tiny_pond
D:4:      first_bread
D:5:      kennysheep_mini, minmay_temple_entry_trees, serial_bayou_pond_b,
          minmay_stone_trees_small
D:6:      grunt_temple_overflow_growth_and_decay, lightli_sewer_entry_pipes,
          sigmund_army
D:7:      nicolae_benzene_ring, lemuel_tele_altar, uniq_joseph
Temple:   minmay_temple_bridge_abc

Skill      XL: |  1  2  3  4  5  6  7  8 |
---------------+-------------------------+-----
Spellcasting   | 3 4 5 |  5.4
Conjurations   | 5 6 7 8 |  8.2
Hexes          | 1 2 3 4 5 |  5.8
Dodging        | |  1.7
Stealth        | |  1.7

Action                   |  1- 3 |  4- 6 |  7- 9 || total
-------------------------+-------+-------+-------++-------
Melee: Unarmed           |     5 |       |       ||     5
       Dagger            |    24 |       |       ||    24
       Tailslap          |     2 |     6 |     8 ||    16
       Whip              |    17 |    74 |    48 ||   139
       Hand axe          |       |       |    12 ||    12
 Cast: Magic Dart        |    71 |   171 |   222 ||   464
       Searing Ray       |       |     4 |    10 ||    14
  Use: Scroll            |     2 |     5 |     2 ||     9
       Potion            |       |       |     3 ||     3
 Stab: Sleeping          |     1 |     1 |       ||     2
  Eat: Chunk             |     4 |     7 |     4 ||    15
       Bread ration      |       |     1 |     2 ||     3
Armor: Skin              |    36 |    36 |   111 ||   183
Dodge: Dodged            |    66 |    72 |   188 ||   326
Block: Other             |       |       |     1 ||     1
